 Dungeon Crawl Stone Soup version 0.31-a0-222-gefeffbb62a (webtiles) character file.

Game seed: 9840210382162944004

92 qw the Chopper (level 4, 0/28 HPs)
             Began as a Gargoyle Fighter on July 4, 2023.
             Slain by a wight
             ... wielding a +2 war axe
              (5 damage)
             ... on level 3 of the Dungeon.
             The game lasted 00:01:06 (1958 turns).

qw the Chopper (Gargoyle Fighter)                   Turns: 1958, Time: 00:01:07

Health: 0/28       AC: 12    Str: 21    XL:     4   Next: 60%
Magic:  0/4        EV:  7    Int:  9    God:
Gold:   87         SH:  4    Dex:  9    Spells: 3/3 levels left

rFire   . . .        Y - +0 broad axe
rCold   . . .        c - +0 buckler
rNeg    + . .        g - +0 chain mail
rPois   inf          (no helmet)
rElec   +            (no cloak)
rCorr   .            (no gloves)
SInv    .            (no boots)
Will    .....        k - amulet of guardian spirit Stlth
                     (no ring)
HPRegen 0.24/turn    (no ring)
MPRegen 0.09/turn

%: guardian spirit
@: no status effects
A: sickness immunity, AC +3, negative energy resistance 1, electricity
resistance, torment resistance 1, petrification resistance
a: no special abilities


You were on level 3 of the Dungeon.
You visited 1 branch of the dungeon, and saw 3 of its levels.

You collected 87 gold pieces.


Innate Abilities, Weirdness & Mutations

You are immune to sickness and miasma.
Your stone body is resilient. (AC +3)
You are immune to poison.
You resist negative energy. (rN+)
You are resistant to electric shocks. (rElec)
You are resistant to unholy torment.
You are immune to petrification.


   Skills:
 - Level 3.2 Fighting
 + Level 4.2 Axes
 - Level 3.2 Armour
 - Level 3.2 Shields


You had 3 spell levels left.
You didn't know any spells.
Your spell library was empty.

Inventory:

Hand Weapons
 i - a +0 whip
 Y - a +0 broad axe (weapon)
Armour
 c - a +0 buckler (worn)
 g - a +0 chain mail (worn)
Jewellery
 k - an amulet of guardian spirit (around neck)
Scrolls
 h - a scroll of identify
Potions
 a - a potion of enlightenment
 d - a potion of might
 f - a potion of heal wounds {unknown}
 j - 2 potions of magic
 l - 2 potions of lignification {unknown}

Dungeon Overview and Level Annotations

Branches:
Dungeon (3/15)

Altars:
Kikubaaqudgha


Message History

You closely miss the frilled lizard. The frilled lizard barely misses you.
The frilled lizard bites you but does no damage.
You miss the frilled lizard.
The frilled lizard bites you but does no damage.
You slash the frilled lizard!
You kill the frilled lizard!
You now have 87 gold pieces (gained 6).
Found a rapier.
Enter note:
Enter note:
Found a spear.
Enter note:
Enter note:
Found 4 stones.
Enter note:
Enter note: 2 wights come into view.
The wight moves out of view.
Enter note:
Enter note:
1949 ||| Stepping ~*~*~tactically~*~*~ (hiding).
You start waiting.
A wight is nearby!
1952 ||| Stepping ~*~*~tactically~*~*~ (hiding).
You block the wight's attack.
The wight hits you from afar with a +3 spear.
You completely miss the wight. The wight closely misses you.
The wight hits you from afar with a +3 spear.
You barely miss the wight.
The wight hits you from afar with a +3 spear!
You block the wight's attack.
You closely miss the wight. The wight hits you but does no damage.
The wight hits you with a +2 war axe! The wight hits you with a +2 war axe.
The wight hits you from afar with a +3 spear.
You barely miss the wight. The wight hits you with a +2 war axe.
You die...

#....... #.......
. #....... ..
#....... #.
#....... #.
#....... #..##
#####.## #.z.####
#.## #z@..## #.##
####..##### #%##
##.....# #.#.
#####.# #...
#.######...
#######..........
#......#.........
#......#.......#.
#......##.....##.


You could see 2 wights.

Vanquished Creatures
  Terence (D:2)
  An adder (D:2)
  A shadow imp (D:3)
  A dart slug (D:1)
  5 bats
  5 endoplasms (D:1)
  2 giant cockroaches (D:1)
  6 hobgoblins
  4 jackals (D:1)
  5 kobolds
  2 quokkas
  4 ball pythons
  5 frilled lizards
  A goblin (D:2)
  8 rats
51 creatures vanquished.

Notes
Turn   | Place    | Note
-------+----------+-------------------------------------------
     0 | D:1      | qw the Gargoyle Fighter began the quest for the Orb.
     0 | D:1      | Reached XP level 1. HP: 14/14 MP: 1/1
     0 | D:1      | 0 ||| qw: Version: 0.3-a-46-gb1f654a
     0 | D:1      | 0 ||| qw: Game counter: 859
     0 | D:1      | 0 ||| qw: Melee chars always use a shield: true
     0 | D:1      | 0 ||| qw: God list: Okawaru
     0 | D:1      | 0 ||| qw: Allow faded altars: false
     0 | D:1      | 0 ||| qw: Do Orc after clearing Dungeon:15 true
     0 | D:1      | 0 ||| qw: Do second Lair branch before Depths: true
     0 | D:1      | 0 ||| qw: Lair rune preference: random
     0 | D:1      | 0 ||| qw: Goals: Normal, Zot:1-4, Slime:5, God:TSO, Crypt,
                  | Tomb, Abyss, Pan, Hells, Win
     0 | D:1      | 0 ||| PLANNING D:1-11
    37 | D:1      | Reached skill level 2 in Axes
   121 | D:1      | 121 ||| Stepping ~*~*~tactically~*~*~ (hiding).
   129 | D:1      | Reached XP level 2. HP: 19/19 MP: 2/2
   231 | D:1      | 231 ||| Stepping ~*~*~tactically~*~*~ (hiding).
   232 | D:1      | 232 ||| Stepping ~*~*~tactically~*~*~ (hiding).
   347 | D:1      | 347 ||| Stepping ~*~*~tactically~*~*~ (hiding).
   375 | D:1      | 375 ||| DROPPING +0 club.
   449 | D:1      | Reached skill level 3 in Axes
   500 | D:1      | Reached XP level 3. HP: 23/23 MP: 3/3
   510 | D:1      | 510 ||| Stepping ~*~*~tactically~*~*~ (stealth).
   764 | D:1      | 764 ||| READING scroll labelled POF AWKAAB OGAAB.
   765 | D:1      | 765 ||| READING scroll labelled EVU XALYTRENAO.
   766 | D:1      | 766 ||| READING scroll labelled JIEKKOD XOBIRU.
   770 | D:1      | 770 ||| READING scroll labelled YNAFEO GIG LEAHI.
   904 | D:2      | Noticed Terence
   914 | D:2      | Killed Terence
   915 | D:2      | Reached XP level 4. HP: 27/28 MP: 4/4
   934 | D:2      | Found an ancient bone altar of Kikubaaqudgha.
  1144 | D:2      | Reached skill level 4 in Axes
  1211 | D:2      | 1211 ||| Stepping ~*~*~tactically~*~*~ (stealth).
  1560 | D:2      | 1560 ||| Stepping ~*~*~tactically~*~*~ (hiding).
  1561 | D:2      | 1561 ||| SWAPPING to +0 broad axe.
  1589 | D:2      | 1589 ||| DROPPING +0 war axe.
  1734 | D:2      | 1734 ||| UPGRADING to +0 chain mail.
  1744 | D:2      | 1744 ||| DROPPING +0 scale mail.
  1745 | D:2      | 1745 ||| UPGRADING to amulet of guardian spirit.
  1750 | D:2      | 1750 ||| READING scroll labelled FOOCEK XOTOSOR.
  1751 | D:2      | 1751 ||| READING 3 scrolls labelled DAISHR LOFU.
  1752 | D:2      | 1752 ||| READING scroll labelled IXKEGA TUMO.
  1753 | D:2      | 1753 ||| DRINKING 3 bubbling clear potions.
  1754 | D:2      | 1754 ||| READING 2 scrolls of identify.
  1754 | D:2      | 1754 ||| IDENTIFYING sapphire potion
  1836 | D:3      | 1836 ||| Stepping ~*~*~tactically~*~*~ (hiding).
  1837 | D:3      | 1837 ||| Stepping ~*~*~tactically~*~*~ (hiding).
  1840 | D:3      | 1840 ||| Stepping ~*~*~tactically~*~*~ (hiding).
  1949 | D:3      | 1949 ||| Stepping ~*~*~tactically~*~*~ (hiding).
  1952 | D:3      | 1952 ||| Stepping ~*~*~tactically~*~*~ (hiding).
  1957 | D:3      | HP: 7/28 [wight/+2 war axe (4)]
  1958 | D:3      | Slain by a wight

Levels and vault maps discovered:
D:1:      lightli_molten_gateway, layout_basic, serial_park_tiny_1
D:2:      layout_loops_corners, basic_altar, nrook_campfire,
          minmay_rat_gold_closets, uniq_terence
D:3:      layout_basic, uniq_sigmund

Skill      XL: |  1  2  3  4 |
---------------+-------------+-----
Axes           | 2 3 4 |  4.2
Fighting       | |  3.2
Armour         | |  3.2
Shields        | |  3.2

Action                     |  1- 3 |  4- 6 || total
---------------------------+-------+-------++-------
  Melee: War axe           |   101 |    46 ||   147
         Broad axe         |       |    33 ||    33
    Use: Scroll            |     4 |     4 ||     8
         Potion            |       |     1 ||     1
 Armour: Scale mail        |    51 |    22 ||    73
         Chain mail        |       |    12 ||    12
  Dodge: Dodged            |    44 |    38 ||    82
  Block: Buckler           |    22 |    18 ||    40

Table legend:
 A = Non-vault XP
 B = Vault XP
 C = Vault XP percentage of total XP
 D = Non-vault monster count
 E = Vault monster count
 F = Vault count percentage of total count
                 A         B        C        D         E       F
            +---------+---------+-------+---------+---------+-------
      Total |      95 |      37 |  28.0 |      45 |       6 |  11.8
            +---------+---------+-------+---------+---------+-------
        D:1 |      50 |       0 |   0.0 |      29 |       0 |   0.0
        D:2 |      30 |      37 |  55.2 |      12 |       6 |  33.3
        D:3 |      15 |       0 |   0.0 |       4 |       0 |   0.0
            +---------+---------+-------+---------+---------+-------
